 Dungeon Crawl Stone Soup version 0.26.1-11-gd32895ea62 (webtiles) character file.

Game seed: 9822020465191381748

138 MajorAdolf the Cutter (level 5, -1/45 HPs)
             Began as a Naga Wanderer on July 23, 2021.
             Slain by an orc
             ... wielding a +0 mace
              (7 damage)
             ... on level 3 of the Dungeon.
             The game lasted 00:02:36 (3592 turns).

MajorAdolf the Cutter (Naga Wanderer)               Turns: 3592, Time: 00:02:37

Health: -1/45      AC:  2    Str: 16    XL:     5   Next: 21%
Magic:  5/5        EV:  9    Int: 14    God:
Gold:   165        SH:  0    Dex:  8    Spells: 4/4 levels left

rFire    . . .     SeeInvis +   a - +2 dagger
rCold    . . .     Faith    .   (no shield)
rNeg     . . .     Spirit   .   f - +0 robe
rPois    +         Reflect  .   (no helmet)
rElec    .         Harm     .   (no cloak)
rCorr    .         Rampage  .   (no gloves)
Will     .....                  (no barding)
Stlth    ++........             (no amulet)
HPRegen  0.15/turn              (no ring)
MPRegen  0.09/turn              (no ring)

@: very slow
A: large, see invisible, deformed body, poison resistance, slowness 2, spit
poison 1, AC +1
a: Spit Poison


You were on level 3 of the Dungeon.
You visited 1 branch of the dungeon, and saw 3 of its levels.

You collected 165 gold pieces.

Inventory:

Hand Weapons
 a - a +2 dagger (weapon)
 c - a +0 hand crossbow
Armour
 f - a +0 robe (worn)
Jewellery
 n - an uncursed ring of flight {unknown}
Wands
 q - a wand of iceblast (14)
Scrolls
 e - 2 scrolls of teleportation
 h - a scroll of remove curse {unknown}
 l - 2 scrolls of identify {unknown}
 m - 2 scrolls of enchant armour {unknown}
 o - a scroll of immolation {unknown}
 p - a scroll of fear {unknown}
Potions
 b - a potion of curing {unknown}
 g - 2 potions of heal wounds {unknown}
 i - a potion of degeneration {unknown}
 j - a potion of cancellation {unknown}
 k - a potion of flight {unknown}


   Skills:
 - Level 2.0 Fighting
 + Level 4.7 Short Blades
 - Level 1.7 Crossbows
 - Level 3.2 Armour
 - Level 3.0 Stealth


You had 4 spell levels left.
You didn't know any spells.
Your spell library was empty.

Dungeon Overview and Level Annotations

Branches:
Dungeon (3/15)

Altars:
Fedhas
Hepliaklqana

Annotations:
D:3 Grinder


Innate Abilities, Weirdness & Mutations

You cannot wear boots.
Your serpentine skin is tough. (AC +1)
You have supernaturally acute eyesight. (SInv)
Armour fits poorly on your strangely shaped body.
Your system is resistant to poisons. (rPois)
You cover ground very slowly.
You can spit poison.


Message History

You hit the orc but do no damage.
The orc is almost dead.
You closely miss the orc.
The orc is almost dead.
The orc hits you with a +0 flail!
* * * LOW HITPOINT WARNING * * *
You hit the orc.
You kill the orc!
You hit the orc.
The orc is lightly wounded.
The orc hits you with a +0 mace.
* * * LOW HITPOINT WARNING * * *
Unknown command.
You barely miss the orc. The orc hits you but does no damage.
You closely miss the orc. You barely miss the orc. The orc barely misses you.
You hit the orc but do no damage. The orc misses you.
You barely miss the orc. You barely miss the orc.
The orc hits you with a +0 mace!
You die...

..###..#.#.#.#.......#
.....†...#.#.#.......#
########.#.#.#.......#
#.....#.......#
#.#.##........#
#.#.##..####.. ♣♣♣♣
#...##..# #.. ♣♣..♣
#...##..####....(
♣._♣♣
#........@o.((..(
♣♣..♣
#.......#####.##.
♣..♣♣ ###......# #.#
♣.♣♣ ###..#...# #.#
♣.♣ #........# #.# #
♣.♣
###..#...####.##.##.#
... ♣.♣
#...................#
#'# ..♣♣
##..###.#####.#######
#.# ...♣### #..# #.#
#.# #.#


You could see an orc.

Vanquished Creatures
  An orc wizard (D:3)
  A gnoll (D:2)
  2 adders
  3 oozes
  2 worms (D:2)
  2 dart slugs (D:3)
  3 leopard geckos
  2 orcs (D:3)
  7 bats
  7 goblins
  8 hobgoblins
  3 jackals (D:3)
  8 kobolds
  3 frilled lizards (D:3)
  2 rats
54 creatures vanquished.

Notes
Turn   | Place    | Note
-------+----------+-------------------------------------------
     0 | D:1      | MajorAdolf the Naga Wanderer began the quest for the Orb.
     0 | D:1      | MajorAdolf set off with the following items: a +2 dagger, a
                  | scroll of blinking, a +0 hand crossbow, 23 bolts, a scroll
                  | of teleportation, a +0 robe
     0 | D:1      | Reached XP level 1. HP: 19/19 MP: 1/1
   386 | D:1      | Reached skill level 1 in Short Blades
   489 | D:1      | Reached XP level 2. HP: 26/26 MP: 2/2
   776 | D:1      | Reached skill level 2 in Short Blades
   841 | D:1      | Reached XP level 3. HP: 30/32 MP: 3/3
  1580 | D:2      | Reached skill level 3 in Short Blades
  1647 | D:2      | Found a faded altar of an unknown god.
  1662 | D:2      | Reached XP level 4. HP: 39/39 MP: 4/4
  2151 | D:2      | Found a hazy altar of Hepliaklqana.
  2727 | D:3      | Reached skill level 4 in Short Blades
  3070 | D:3      | Noticed Grinder
  3075 | D:3      | Paralysed by Grinder for 6 turns
  3080 | D:3      | HP: 1/39 [Grinder (6)]
  3529 | D:3      | Found a blossoming altar of Fedhas.
  3573 | D:3      | Reached XP level 5. HP: 45/45 MP: 5/5
  3592 | D:3      | Slain by an orc

Illustrated notes

Levels and vault maps discovered:
D:1:      amcnicky_arrival_flooded_fountain, layout_rooms
D:2:      layout_basic, nzn_hepliaklqana_mist_gate,
          chequers_ecumenical_altar_island, nrook_loot_triangle,
          minmay_close_crescents
D:3:      layout_basic, lemuel_coloured_pillars_altar, fedhas_altar_4,
          uniq_grinder

Skill      XL: |  1  2  3  4 |
---------------+-------------+-----
Short Blades   | 1 2 3 4 |  4.7
Fighting       | |  2.0
Crossbows      | |  1.7
Armour         | |  3.2
Stealth        | |  3.0

Action                   |  1- 3 |  4- 6 || total
-------------------------+-------+-------++-------
Melee: Dagger            |    10 |    14 ||    24
 Fire: Hand crossbow     |    54 |    77 ||   131
 Abil: Spit Poison       |     4 |       ||     4
  Use: Scroll            |       |     2 ||     2
Armor: Robe              |     1 |    10 ||    11
Dodge: Dodged            |    11 |    29 ||    40
